 Dungeon Crawl Stone Soup version 0.25-a0-930-g9f5dfa9815 (webtiles) character file.

Game seed: 6426761947036346379, levelgen mode: classic

103535 Amnesiac the Cryomancer (level 16, -12/116 HPs)
             Began as a Ghoul Ice Elementalist on May 3, 2020.
             Was the Champion of Vehumet.
             Shot with a bolt by a yaktaur captain (26 damage)
             ... on level 15 of the Dungeon on May 4, 2020.
             The game lasted 01:22:30 (24798 turns).

Amnesiac the Cryomancer (Ghoul Ice Elementalist)   Turns: 24798, Time: 01:22:30

Health: -12/116    AC: 11    Str:  9    XL:     16   Next: 36%
Magic:  22/32      EV: 13    Int: 24    God:    Vehumet [******]
Gold:   2863       SH:  4    Dex:  9    Spells: 8/41 levels left

rFire    x x .     SeeInvis .   a - +4 double sword (venom)
rCold    + + +     Gourm    .   F - +0 buckler
rNeg     + + +     Faith    .   B - +2 robe {Archmagi}
rPois    ∞         Spirit   .   u - +2 hood of the Assassin {Detection Stab+ Stlth++}
rElec    .         Reflect  .   S - +0 cloak
rCorr    .         Harm     +   M - +2 pair of gloves
MR       +....                  w - +0 pair of boots "Figorhash" {*Drain Str-5 Int+9 Slay+6}
Stlth    ++++......             L - amulet of harm
HPRegen  0.00/turn              E - ring of ice
MPRegen  0.23/turn              R - ring of ice

@: rotting
A: rotting body, claws 1, carnivore, cold resistance 1, negative energy
resistance 3, inhibited regeneration, torment resistance, unbreathing
a: Renounce Religion


You were on level 15 of the Dungeon.
You worshipped Vehumet.
Vehumet was exalted by your worship.
You were not hungry.

You visited 4 branches of the dungeon, and saw 24 of its levels.
You also visited: Sewer and Gauntlet.

You collected 3147 gold pieces.
You spent 284 gold pieces at shops.

Inventory:

Hand Weapons
 a - a +4 double sword of venom (weapon)
Missiles
 d - 10 curare-tipped darts (quivered)
 t - 96 poisoned darts
Armour
 u - the +2 hood of the Assassin (worn) {Detection Stab+ Stlth++}
   (You found it on level 6 of the Lair of Beasts)

   It makes you much more stealthy.
 w - the +0 pair of boots "Figorhash" (worn) {*Drain Str-5 Int+9 Slay+6}
   (You found it on level 6 of the Lair of Beasts)

   It affects your strength (-5).
   It affects your intelligence (+9).
   It affects your accuracy and damage with ranged weapons and melee attacks
   (+6).
   It causes draining when unequipped.
 B - a +2 robe of the Archmagi (worn)
 C - the -2 hat of the Alchemist {rElec rPois rF+ rC+ rN+ MR+ rMut rCorr}
   (You found it in a Gauntlet)

   It protects you from fire.
   It protects you from cold.
   It insulates you from electricity.
   It protects you from poison.
   It protects you from negative energy.
   It affects your resistance to hostile enchantments.
   It provides partial protection from all sources of acid and corrosion.
   It protects you from mutation.
 F - a +0 buckler (worn)
 M - a +2 pair of gloves (worn)
 S - a +0 cloak (worn)
Magical Staves
 y - an uncursed staff of fire
 W - an uncursed staff of air
Jewellery
 b - an uncursed ring of resist corrosion
 k - an uncursed ring of protection from fire
 E - a ring of ice (left hand)
 L - an amulet of harm (around neck)
 P - the cursed necklace of Bloodlust {*Rage +Rage MR++ Int-3 Slay+6 *Curse}
   (You found it in a Gauntlet)

   [amulet of rage]

   It affects your intelligence (-3).
   It affects your accuracy and damage with ranged weapons and melee attacks
   (+6).
   It affects your resistance to hostile enchantments.
   It lets you go berserk.
   It may make you go berserk in combat.
   It curses itself when equipped.
   It has a curse placed upon it.
 R - a ring of ice (right hand)
Wands
 g - a wand of disintegration (12)
 h - a wand of polymorph (7)
 i - a wand of enslavement (8)
 n - a wand of acid (6)
 x - a wand of iceblast (61)
 A - a wand of paralysis (9)
 K - a wand of random effects (25)
 U - a wand of flame (22)
Scrolls
 e - 6 scrolls of fog {!r}
 j - 13 scrolls of teleportation {!r}
 l - 2 scrolls of torment {!r}
 o - 3 scrolls of enchant armour {!r}
 q - 6 scrolls of remove curse {!r}
 v - 5 scrolls of fear {!r}
 H - 6 scrolls of magic mapping {!r}
Potions
 f - a potion of ambrosia {!q}
 m - 4 potions of haste {!q}
 p - a potion of magic {!q}
 r - 6 potions of flight {!q}
 s - 3 potions of brilliance {!q}
 z - 6 potions of curing {!q}
 D - 3 potions of heal wounds {!q}
 N - 5 potions of might {!q}
 O - a potion of resistance {!q}
Miscellaneous
 I - a phial of floods
 J - a box of beasts
 Q - 2 phantom mirrors
 T - a tin of tremorstones
 Y - a lightning rod (4/4)
Comestibles
 c - 40 rations


   Skills:
 - Level 4.0 Fighting
 - Level 4.0 Dodging
 - Level 4.0 Stealth
 - Level 4.0 Shields
 + Level 13.3 Spellcasting
 * Level 22.3 Ice Magic
 - Level 4.0 Evocations


You had 8 spell levels left.
You knew the following spells:

 Your Spells              Type           Power        Failure   Level  Hunger
a - Ozocubu's Refrigerat  Ice            #########.   1%          6    #####..
b - Frozen Ramparts       Ice            ######       0%          3    None
c - Summon Ice Beast      Ice/Summ       ########     1%          4    None
d - Hailstorm             Conj/Ice       ########     1%          4    None
e - Freezing Cloud        Conj/Ice/Air   ########..   7%          6    #####..
f - Shock                 Conj/Air       ###.         1%          1    None
g - Irradiate             Conj/Tmut      ###.......   26%         5    ###....
h - Freeze                Ice            ####         0%          1    None
z - Ozocubu's Armour      Chrm/Ice       ########     1%          3    None

Your spell library contained the following spells:

 Spells                   Type           Power        Failure   Level  Hunger
 Foxfire                  Conj/Fire      ###.         1%          1    None
 Magic Dart               Conj           ###.         1%          1    None
 Metabolic Englaciation   Hex/Ice        ########..   1%          5    ###....
 Animate Skeleton         Necr           N/A          3%          1    None
 Pain                     Necr           ###.         3%          1    None
 Conjure Flame            Conj/Fire      ###.....     3%          3    None
 Mephitic Cloud           Conj/Pois/Air  ###.....     3%          3    None
 Blink                    Tloc           N/A          6%          2    None
 Call Imp                 Summ           ###.....     6%          2    None
 Slow                     Hex            ###.....     6%          2    None
 Sticks to Snakes         Tmut           ###.....     6%          2    None
 Confusing Touch          Hex            ###.....     12%         3    None
 Gell's Gravitas          Tloc           ###.......   12%         3    None
 Vampiric Draining        Necr           ###.......   12%         3    None
 Yara's Violent Unravell  Hex/Tmut       ###.......   26%         5    ###....
 Animate Dead             Necr           N/A          36%         4    None
 Petrify                  Tmut/Erth      ###.....     36%         4    None
 Agony                    Necr           ###.....     71%         5    ###....
 Eringya's Noxious Bog    Tmut/Pois      ###.......   99%         6    #####..
 Ice Form                 Ice/Tmut       Unusable     N/A         4    N/A
 Beastly Appendage        Tmut           Unusable     N/A         1    N/A
 Spider Form              Tmut/Pois      Unusable     N/A         3    N/A
 Blade Hands              Tmut           Unusable     N/A         5    N/A

Dungeon Overview and Level Annotations

Branches:
Dungeon (15/15)            Temple (1/1) D:5            Lair (6/6) D:9
  Swamp (0/4) Lair:4        Snake (0/4) Lair:2        Slime (0/5) Lair:5
    Orc (2/2) D:11            Elf (0/3) Orc:2        Vaults (0/5) D:13
 Depths (0/5) D:15          Sewer (visited)         Gauntlet (visited)

Altars:
Ashenzari
Cheibriados
Dithmenos
Elyvilon
Fedhas
Gozag
Hepliaklqana
Kikubaaqudgha
Makhleb
Nemelex Xobeh
Okawaru
Qazlal
Ru
Sif Muna
Trog
Uskayaw
Vehumet
Wu Jian
Xom
Yredelemnul
Zin
The Shining One

Shops:
D:5 [   D:10 }:*:!   D:13 }   Orc:2 :*}*[

Annotations:
D:1 1 exclusion
D:14 exclusion: 2 downstairs
Lair:3 exclusion: door


Innate Abilities, Weirdness & Mutations

Your body is rotting away.
You thrive on raw meat.
You are immune to poison.
You have sharp fingernails.
You are carnivorous and can eat meat at any time.
Your flesh is cold resistant. (rC+)
You are immune to negative energy. (rN+++)
You do not regenerate when monsters are visible.
You are immune to unholy pain and torment.
You can survive without breathing.


Message History

Press: ? - help, Dir - move target cursor You feel a huge surge of power!
That beam is likely to hit you.
Continue anyway?
The centaur warrior is engulfed in freezing vapours.
The wall freezes the centaur warrior.
The centaur warrior shoots an arrow.
The arrow hits you!!
The centaur warrior is engulfed in freezing vapours.
The wall freezes the centaur warrior!
The centaur warrior is engulfed in freezing vapours.
The wall freezes the centaur warrior.
You kill the centaur warrior!
Vehumet accepts your kill.
You feel your power returning. Why would you want to do that?
Casting: Freezing Cloud (dangerous; 7% risk of failure)
Confirm with . or Enter, or press ? or * to list all spells.
Okay, then.
Casting: Freezing Cloud (dangerous; 7% risk of failure)
Confirm with . or Enter, or press ? or * to list all spells.
You don't know that spell.
Unknown command.
Casting: Freezing Cloud (dangerous; 7% risk of failure)
Confirm with . or Enter, or press ? or * to list all spells.
Aiming: Freezing Cloud (dangerous; 7% risk of failure)
Press: ? - help, Dir - move target cursor You feel a huge surge of power!
What are your orders? t - Shout!
Orders for allies: a - Attack new target. r - Retreat! s - Stop attacking. g - Guard the area. f - Follow me.
Anything else - Cancel.
You shout for attention!
You hear a shout! x2
The frozen ramparts melt away.
A yaktaur captain opens the door.
The yaktaur wields an arbalest.
The yaktaur shoots a bolt.
The bolt hits you!!!
* * * LOW HITPOINT WARNING * * *
Found a staircase to the Depths.
A yaktaur comes into view. It is wielding a +0 arbalest.
You see here a bolt.
The yaktaur captain wields a +0 arbalest.
The yaktaur captain shoots a bolt.
The bolt hits you!!
* * * LOW HITPOINT WARNING * * *
You see here a bolt.
Okay, then.
You close the door.
Really quaff
D - 4 potions of heal wounds {!q}?
You feel much better.
A yaktaur captain opens the door.
The yaktaur shoots a bolt.
The bolt barely misses you.
The yaktaur captain shoots a bolt.
The bolt hits you!
* * * LOW HITPOINT WARNING * * *
Okay, then.
Really read
v - 7 scrolls of fear {!r}?
As you read the scroll of fear {!r}, it crumbles to dust.
You assume a fearsome visage.
The yaktaur looks frightened!
The yaktaur captain easily resists.
The yaktaur yells at you, "GO AWAY!"
A yaktaur opens the door.
Really read
v - 6 scrolls of fear {!r}?
As you read the scroll of fear {!r}, it crumbles to dust.
You assume a fearsome visage.
The yaktaur captain resists with some effort.
The yaktaur captain shoots a bolt.
The bolt hits you!!
You die...

..# ###..#
########### ..... #
..§§...≈≈# .... #'#
#§§≈#.≈# #..#
#...#.§(...###..#
#.>c'@(≈##.'.#..#
#.c.#§(§(..#....# #'#
#§§≈#.≈###..#
#...§§§..≈≈#
#(.######
#############.<..."..
........[.....
..............
.#############


You could see a yaktaur captain and a yaktaur (fleeing).

Vanquished Creatures
  Rupert (D:13)
  Jorgrun (D:15)
  A very ugly thing (D:15)
  Nessos (D:13)
  A minotaur (Gauntlet)
  A green death (Gauntlet)
  Harold (D:8)
  13 hydras
  3 two-headed ogres
  3 catoblepae
  A deep troll shaman (Lair:6)
  8 centaur warriors
  Urug (D:13)
  4 orc high priests (Orc:2)
  10 death yaks
  A tengu warrior (Gauntlet)
  3 skeletal warriors (D:12)
  A shadow wraith (D:13)
  A fire crab (Lair:3)
  A deep elf archer (D:13)
  4 unseen horrors
  A lindwurm (Lair:6)
  A wolf spider zombie (D:14)
  A necromancer (Lair:3)
  3 orc knights
  An orc sorcerer (Orc:2)
  A deep elf mage (D:13)
  4 manticores
  An oklob plant (Lair:3)
  6 ugly things
  2 cyclopes
  3 centaur zombies
  15 elephants (Lair:6)
  6 black mambas
  An orange demon (Gauntlet)
  6 spiny frogs
  A gargoyle (D:12)
  2 rime drakes
  3 kobold demonologists (D:14)
  5 komodo dragons
  A yaktaur (D:13)
  3 tengu conjurers
  A merfolk (D:12)
  8 trolls
  3 hornets
  3 meliai (D:13)
  A queen bee (Orc:1)
  3 polar bears
  12 hippogriffs
  7 blink frogs
  5 dream sheep (Lair:6)
  4 water elementals (D:12)
  Sigmund (D:2)
  2 shadows
  2 wraiths
  4 wyverns
  16 humans (D:13)
  46 yaks
  A steam dragon (D:14)
  2 basilisks
  5 vampire mosquitoes
  Menkaure (D:6)
  A naga (Lair:2)
  A soldier ant (D:7)
  3 swamp worms (Lair:4)
  8 water moccasins
  15 porcupines
  An acid dragon (D:13)
  4 sky beasts
  20 orc warriors
  2 ice beasts
  2 black bears (Lair:6)
  3 phantoms
  A hornet zombie (D:14)
  15 centaurs
  18 wolves
  16 ogres
  9 crocodiles
  11 big kobolds
  A wyvern zombie (D:14)
  15 bullfrogs
  4 gnoll sergeants (D:11)
  A water moccasin skeleton (D:9)
  2 wyvern skeletons
  6 scorpions
  24 killer bees
  5 howler monkeys
  8 wights
  4 electric eels
  3 crimson imps
  2 quasits
  3 jellies
  2 bullfrog zombies
  5 hounds
  A centaur skeleton (D:7)
  29 orc priests
  A gnoll shaman (D:7)
  4 bullfrog skeletons
  Ijyb (D:4)
  3 iguanas
  31 orc wizards
  11 worker ants
  2 yak simulacra (Lair:3)
  3 polar bear simulacra (Lair:3)
  3 wolf simulacra (Lair:3)
  A hound skeleton (D:6)
  Robin (D:2)
  11 gnolls
  A worker ant zombie (D:9)
  17 adders
  A river rat (Sewer)
  5 shadow imps
  5 oozes
  3 worms
  2 dart slugs
  4 leopard geckos
  48 orcs
  8 giant cockroaches
  14 goblins
  15 hobgoblins
  18 jackals
  29 kobolds
  6 quokkas
  6 ball pythons
  6 bats
  2 frilled lizards
  A giant cockroach zombie (D:6)
  A jackal skeleton (D:7)
  9 rats
  3 river rat simulacra (Lair:3)
  A bush (Lair:6)
  3 plants
780 creatures vanquished.

Vanquished Creatures (collateral kills)
  Fannar (Lair:1)
  A shadow (D:11)
  A yak (D:12)
  An ice beast (D:9)
4 creatures vanquished.

Vanquished Creatures (others)
  A rime drake (Gauntlet)
  8 fungi
  9 plants
18 creatures vanquished.

Grand Total: 802 creatures vanquished

Notes
Turn   | Place    | Note
-------+----------+-------------------------------------------
     0 | D:1      | Amnesiac the Ghoul Ice Elementalist began the quest for the
                  | Orb.
     0 | D:1      | Reached XP level 1. HP: 14/14 MP: 2/2
   113 | D:1      | Reached XP level 2. HP: 5/20 MP: 0/4
   363 | D:2      | Noticed Robin
   655 | D:1      | Reached skill level 5 in Ice Magic
   744 | D:3      | Reached XP level 3. HP: 24/26 MP: 1/5
   898 | D:3      | Learned a level 3 spell: Frozen Ramparts
   959 | D:5      | Entered Level 5 of the Dungeon
   963 | D:5      | Reached XP level 4. HP: 29/32 MP: 4/6
   982 | D:5      | Learned a level 3 spell: Ozocubu's Armour
  1000 | D:4      | Found a blossoming altar of Fedhas.
  1002 | D:4      | Noticed Ijyb
  1015 | D:4      | Killed Ijyb
  1328 | D:4      | Reached skill level 6 in Ice Magic
  1474 | D:4      | Reached XP level 5. HP: 38/38 MP: 3/8
  1825 | D:5      | Reached XP level 6. HP: 45/45 MP: 5/9
  1908 | D:5      | Found Gyom's Armour Emporium.
  1925 | D:5      | Found a staircase to the Ecumenical Temple.
  1935 | Temple   | Entered the Ecumenical Temple
  2085 | D:6      | Found a sacrificial altar of Ru.
  2085 | D:6      | Found a hide-covered altar of Uskayaw.
  2086 | D:6      | Found a hazy altar of Hepliaklqana.
  2087 | D:6      | Found a burning altar of Makhleb.
  2088 | D:6      | Found a shimmering altar of Xom.
  2120 | D:6      | Noticed Menkaure
  2124 | D:6      | Killed Menkaure
  2124 | D:6      | Reached skill level 7 in Ice Magic
  2130 | D:6      | Reached XP level 7. HP: 28/50 MP: 4/11
  2222 | D:6      | Found a glowing drain.
  2269 | Sewer    | Entered a sewer
  2713 | Sewer    | Reached skill level 1 in Fighting
  2713 | Sewer    | Reached skill level 8 in Ice Magic
  2955 | Sewer    | Reached XP level 8. HP: 48/61 MP: 7/13
  3545 | D:6      | Found an iron altar of Okawaru.
  3906 | D:2      | Reached skill level 9 in Ice Magic
  4102 | D:2      | Noticed Sigmund
  4115 | D:2      | Killed Sigmund
  4227 | D:2      | Killed Robin
  5313 | D:7      | Found an ornate altar of the Wu Jian Council.
  5316 | D:7      | Found a shimmering blue altar of Sif Muna.
  5426 | D:7      | Reached XP level 9. HP: 64/69 MP: 10/15
  5517 | D:7      | Noticed a hornet
  5522 | D:7      | Killed a hornet
  5522 | D:7      | Reached skill level 1 in Evocations
  5525 | D:7      | Reached skill level 5 in Spellcasting
  5673 | D:7      | Reached skill level 10 in Ice Magic
  6015 | D:7      | Found a stormy altar of Qazlal.
  6029 | D:7      | Found a blossoming altar of Fedhas.
  6085 | D:7      | Learned a level 4 spell: Hailstorm
  6090 | D:7      | Learned a level 4 spell: Summon Ice Beast
  6227 | D:8      | Found an ancient bone altar of Kikubaaqudgha.
  6235 | D:8      | Found a radiant altar of Vehumet.
  6240 | D:8      | Became a worshipper of Vehumet
  6267 | D:8      | Found a shimmering blue altar of Sif Muna.
  6549 | D:8      | Reached skill level 11 in Ice Magic
  6636 | D:8      | Reached XP level 10. HP: 77/77 MP: 14/17
  6643 | D:8      | Noticed Harold
  6662 | D:8      | Killed Harold
  6739 | D:8      | Killed an unseen horror
  7013 | D:9      | Noticed a five-headed hydra
  7021 | D:9      | Killed a five-headed hydra
  7021 | D:9      | Reached skill level 12 in Ice Magic
  7330 | D:9      | Reached * piety under Vehumet
  7330 | D:9      | Offered knowledge of Shock by Vehumet.
  7622 | D:9      | Reached XP level 11. HP: 23/82 MP: 8/20
  7668 | D:9      | Reached skill level 13 in Ice Magic
  7672 | D:9      | Found a staircase to the Lair.
  8252 | D:10     | Entered Level 10 of the Dungeon
  8257 | D:10     | Killed an unseen horror
  8312 | D:10     | Learned a level 1 spell: Shock
  8466 | D:10     | Found Muhoam's General Store.
  8469 | D:10     | Bought a scroll of teleportation for 48 gold pieces
  8480 | D:10     | Bought a potion of curing for 48 gold pieces
  8530 | D:10     | Found Uzigesiu's Gadget Boutique.
  8655 | D:10     | Found Geafovee's Book Shoppe.
  8670 | D:10     | Killed an unseen horror
  8740 | D:10     | Found Ruomysumm's Book Shoppe.
  8880 | D:10     | Found Xootowaraps's Distillery.
  8883 | D:10     | Bought a potion of heal wounds for 70 gold pieces
  8883 | D:10     | Bought a potion of degeneration for 14 gold pieces
  8920 | D:10     | Noticed a two-headed ogre
  8930 | D:10     | Killed a two-headed ogre
  9222 | D:11     | Reached skill level 14 in Ice Magic
  9366 | D:11     | Offered knowledge of Magic Dart by Vehumet.
  9367 | D:11     | Reached ** piety under Vehumet
  9493 | D:11     | Noticed a manticore
  9497 | D:11     | Killed a manticore
  9710 | D:11     | Identified the +1 robe of a Labyrinth {SInv}
  9974 | D:11     | Found a staircase to the Orcish Mines.
  9978 | D:11     | Offered knowledge of Static Discharge by Vehumet.
 10011 | D:11     | Reached *** piety under Vehumet
 10013 | D:11     | Reached XP level 12. HP: 67/91 MP: 23/23
 10206 | Orc:1    | Entered Level 1 of the Orcish Mines
 10324 | Orc:1    | Reached skill level 15 in Ice Magic
 10369 | Orc:2    | Entered Level 2 of the Orcish Mines
 10441 | Orc:2    | Offered knowledge of Airstrike by Vehumet.
 10771 | Orc:2    | Noticed an orc high priest
 10785 | Orc:2    | Killed an orc high priest
 10880 | Orc:2    | Reached **** piety under Vehumet
 10919 | Orc:2    | Found a staircase to the Elven Halls.
 10949 | Orc:2    | Offered knowledge of Olgreb's Toxic Radiance by Vehumet.
 11154 | Orc:1    | Reached skill level 16 in Ice Magic
 11457 | Orc:2    | Found Juyxuynu's Armour Shop.
 11457 | Orc:2    | Found Byjem's Assorted Antiques.
 11457 | Orc:2    | Found Jururchej's Assorted Antiques.
 11460 | Orc:2    | Found Lyentec's Gadget Boutique.
 11461 | Orc:2    | Noticed an orc high priest
 11472 | Orc:2    | Killed an orc high priest
 11502 | Orc:2    | Noticed an orc high priest
 11510 | Orc:2    | Killed an orc high priest
 11557 | Orc:2    | Bought a scroll labeled QANKO QUNUPRI for 36 gold pieces
 11557 | Orc:2    | Bought a yellow potion for 32 gold pieces
 11557 | Orc:2    | Bought a scroll labeled LEAFFU QUCAMNA for 36 gold pieces
 11569 | Orc:2    | Noticed an orc high priest
 11575 | Orc:2    | Noticed a sun demon
 11577 | Orc:2    | Killed an orc high priest
 11724 | Orc:2    | Reached ***** piety under Vehumet
 11724 | Orc:2    | Offered knowledge of Spellforged Servitor by Vehumet.
 11845 | Orc:2    | Found Vuzuuceixuts's Book Shoppe.
 12291 | Lair:1   | Entered Level 1 of the Lair of Beasts
 12399 | Lair:1   | Reached XP level 13. HP: 63/96 MP: 22/25
 12432 | Lair:1   | Reached skill level 17 in Ice Magic
 12862 | Lair:1   | Reached skill level 10 in Spellcasting
 14141 | Lair:2   | Found a staircase to the Snake Pit.
 14411 | Lair:2   | Noticed Fannar
 14462 | Lair:1   | Killed Fannar
 14534 | Lair:3   | Offered knowledge of Orb of Destruction by Vehumet.
 14748 | Lair:3   | Identified a scroll of acquirement {!r}
 14748 | Lair:3   | Identified the +2 executioner's axe "Rif Neh" {vorpal, rF+}
                  | (You acquired it on level 3 of the Lair of Beasts)
 14748 | Lair:3   | Identified the Almanac of Congealing Confrontation (You
                  | acquired it on level 3 of the Lair of Beasts)
 14754 | Lair:3   | Found a runed translucent door.
 14934 | Lair:3   | Reached skill level 18 in Ice Magic
 16079 | Lair:4   | Reached XP level 14. HP: 94/104 MP: 27/27
 16546 | Lair:4   | Found a staircase to the Swamp.
 17181 | Lair:5   | Reached skill level 19 in Ice Magic
 17451 | Lair:5   | Found a staircase to the Slime Pits.
 17851 | Lair:6   | Entered Level 6 of the Lair of Beasts
 17982 | Lair:6   | Got an ichor-stained ring mail
 18052 | Lair:6   | Offered knowledge of Freezing Cloud by Vehumet.
 18082 | Lair:6   | HP: 5/104 [elephant (3)]
 18271 | Lair:6   | Learned a level 6 spell: Freezing Cloud
 18341 | Lair:6   | Reached skill level 20 in Ice Magic
 18550 | Lair:6   | Reached XP level 15. HP: 75/110 MP: 19/29
 18580 | Lair:6   | Found the +2 hood of the Assassin {Detection Stab+ Stlth++}
 18612 | Lair:6   | Identified the +5 ring mail "Daonlow" {*Contam MR+ Dex+3}
                  | (You found it on level 6 of the Lair of Beasts)
 18613 | Lair:6   | Got a pair of faintly glowing boots
 18624 | Lair:6   | Identified the +0 pair of boots "Figorhash" {*Drain Str-5
                  | Int+9 Slay+6} (You found it on level 6 of the Lair of
                  | Beasts)
 19168 | D:12     | Found a gate leading to a gauntlet.
 19178 | Gauntlet | Entered a Gauntlet
 19178 | Gauntlet | Found a transporter.
 19191 | Gauntlet | Found a transporter.
 19206 | Gauntlet | Found a transporter.
 19208 | Gauntlet | Found a large runed translucent door.
 19208 | Gauntlet | Found a large runed translucent door.
 19209 | Gauntlet | Found a large runed translucent door.
 19209 | Gauntlet | Found a large runed translucent door.
 19210 | Gauntlet | Found a large runed translucent door.
 19210 | Gauntlet | Found a large runed translucent door.
 19210 | Gauntlet | Found a runed translucent door.
 19210 | Gauntlet | Found a runed translucent door.
 19210 | Gauntlet | Found a large runed translucent door.
 19211 | Gauntlet | Found a transporter.
 19226 | Gauntlet | Found a transporter.
 19241 | Gauntlet | Found a large runed translucent door.
 19242 | Gauntlet | Found a large runed translucent door.
 19243 | Gauntlet | Found a large runed translucent door.
 19243 | Gauntlet | Found a large runed translucent door.
 19244 | Gauntlet | Found a runed translucent gate.
 19245 | Gauntlet | Found a transporter.
 19245 | Gauntlet | Found a runed translucent gate.
 19246 | Gauntlet | Found a runed translucent gate.
 19247 | Gauntlet | Found a large runed translucent door.
 19247 | Gauntlet | Found a large runed translucent door.
 19248 | Gauntlet | Found a large runed translucent door.
 19249 | Gauntlet | Found a large runed translucent door.
 19257 | Gauntlet | Found a transporter.
 19269 | Gauntlet | Found a transporter.
 19275 | Gauntlet | Found a transporter.
 19290 | Gauntlet | Found a transporter.
 19296 | Gauntlet | Found a transporter.
 19311 | Gauntlet | Found a transporter.
 19317 | Gauntlet | Found a transporter.
 19356 | Gauntlet | Found a transporter.
 19357 | Gauntlet | Found the -2 hat of the Alchemist {rElec rPois rF+ rC+ rN+
                  | MR+ rMut rCorr}
 19381 | Gauntlet | Found a transporter.
 19383 | Gauntlet | Found a transporter.
 19475 | Gauntlet | Found a large runed translucent door.
 19481 | Gauntlet | Found a transporter.
 19505 | Gauntlet | Found a transporter.
 20073 | Gauntlet | Got a twitching bronze ring
 20079 | Gauntlet | Identified the ring of Pebruk {Str+2 Stlth-} (You found it
                  | in a Gauntlet)
 20333 | Gauntlet | Found the cursed necklace of Bloodlust {*Rage +Rage MR++
                  | Int-3 Slay+6 *Curse}
 21155 | D:12     | Reached skill level 21 in Ice Magic
 21497 | D:13     | Offered knowledge of Irradiate by Vehumet.
 21505 | D:13     | Learned a level 5 spell: Irradiate
 21759 | D:13     | Noticed Urug
 21770 | D:13     | Killed Urug
 21788 | D:13     | Noticed Nessos
 21791 | D:13     | Killed Nessos
 21860 | D:13     | Noticed Rupert
 21873 | D:13     | Killed Rupert
 21889 | D:13     | Found a gate to the Vaults.
 21890 | D:13     | Found Vakoety's Gadget Boutique.
 22334 | D:13     | Identified the Volume of Blistering Contamination
 22387 | D:13     | Found a runed translucent door.
 22595 | D:13     | Reached XP level 16. HP: 72/116 MP: 27/31
 22597 | D:13     | Identified the +1 war axe "Mud Pie of Death" {flame, rPois}
 23333 | D:14     | Reached skill level 22 in Ice Magic
 24172 | D:15     | Entered Level 15 of the Dungeon
 24306 | D:15     | Reached ****** piety under Vehumet
 24306 | D:15     | Offered knowledge of Ozocubu's Refrigeration by Vehumet.
 24315 | D:15     | Learned a level 6 spell: Ozocubu's Refrigeration
 24702 | D:15     | Noticed Jorgrun
 24707 | D:15     | Killed Jorgrun
 24793 | D:15     | Found a staircase to the Depths.
 24798 | D:15     | Shot with a bolt by a yaktaur captain

Levels and vault maps discovered:
D:1:      minmay_arrival_cross, layout_loops_ring, minmay_large_rounded_square
D:2:      layout_basic, uniq_robin, uniq_sigmund
D:3:      layout_rooms, first_ration
D:4:      layout_gridville, fedhas_altar_3, uniq_ijyb
D:5:      layout_basic, minmay_temple_entry_gardened_gates, serial_shops, shop
D:6:      layout_loops_ring, okawaru_trees_2, grunt_temple_overflow_open,
          gup_sewer_entry_glass, uniq_menkaure
D:7:      layout_basic, grunt_temple_overflow_forces_of_nature,
          overflow_temple_1_default, basic_altar, kb_rosetta
D:8:      layout_basic, palyth_temple_overflow_mages, uniq_harold
D:9:      layout_rooms, erik_lair_island
D:10:     layout_loops_ring, serial_shops, shop, nicolae_shop_behind_doors,
          kennysheep_mini_moat, nicolae_shop_temple_entry_statues_fountains,
          nicolae_shop_stone
D:11:     layout_loops_ring, kennysheep_orc_monster_closet_entryway
D:12:     layout_loops_ring, gauntlet_entry_generic, hangedman_fish_farm,
          minivault_20, hangedman_decor_slide_cut, nicolae_underground_beach
D:13:     minmay_the_grid_triangle_9x9_rhombus_full
          [minmay_the_grid_triangle_9x9_negative_grid,
          minmay_the_grid_triangle_9x9_subtriangle,
          minmay_the_grid_triangle_9x9_limited_checkers,
          minmay_the_grid_triangle_9x9_sparse_checkered,
          minmay_the_grid_triangle_9x9_empty,
          minmay_the_grid_triangle_9x9_warning,
          minmay_the_grid_triangle_9x9_stretched_checkered,
          minmay_the_grid_triangle_9x9_prize_insulated], layout_cave_pods,
          david_vaults_3, serial_shops, shop_fountains, minivault_24
D:14:     layout_stronghold
D:15:     grunt_enter_depths_snipers, layout_long_grid, old_standard_altar,
          serial_bayou_pond_e, uniq_rupert, uniq_jorgrun
Temple:   zaba_magenta_temple
Lair:1:   layout_small_grid, hangedman_lair_unloving_vines, serial_bayou_pond_c,
          grunt_megastairs_2, infiniplex_staircase_pool
Lair:2:   layout_concentric_octagons, guppyfry_snake_entry_garden, uniq_fannar
Lair:3:   gammafunk_mikee_crab_dinner, layout_cave_pods, eino_house_with_fridge,
          lemuel_fruit_tree, minmay_lair_oklob_chamber
Lair:4:   layout_cave_pods, palyth_hydra_swamp_entry, grunt_megastairs_4
Lair:5:   layout_cave_pods, slime_dummy, chequers_serial_rivers_small_a
Lair:6:   grunt_lair_end_beastmaster, layout_loops_ring, grunt_megastairs_3
Orc:1:    layout_caves, special_room [special_room_bee]
Orc:2:    st_orc_mages, layout_caves, serial_shops, shop

Skill      XL: |  1  2  3  4  5  6  7  8  9 10 11 12 13 14 15 16 |
---------------+-------------------------------------------------+-----
Spellcasting   | 2 3 4 5 6 8 9 10 11 12 13 | 13.3
Ice Magic      | 5 6 7 8 9 11 12 14 16 18 20 21 22 | 22.3
Dodging        | 2 3 4 |  4.0
Stealth        | 3 4 |  4.0
Fighting       | 1 3 4 |  4.0
Shields        | 4 |  4.0
Evocations     | 3 4 |  4.0

Action                   |  1- 3 |  4- 6 |  7- 9 | 10-12 | 13-15 | 16-18 || total
-------------------------+-------+-------+-------+-------+-------+-------++-------
Melee: Mace              |     8 |       |       |       |       |       ||     8
       Short sword       |    44 |    22 |       |       |       |       ||    66
       Dagger            |       |     6 |     3 |       |       |       ||     9
       Hunting sling     |       |       |       |     1 |       |       ||     1
       Double sword      |       |       |       |   130 |   211 |    48 ||   389
 Fire: Hunting sling     |       |     2 |   390 |    53 |       |       ||   445
Throw: Dart              |       |       |     7 |    12 |     2 |       ||    21
 Cast: Freeze            |    34 |    19 |    36 |   144 |   178 |    13 ||   424
       Frozen Ramparts   |       |     7 |    38 |    68 |    98 |    11 ||   222
       Ozocubu's Armour  |       |       |     1 |     6 |     3 |     3 ||    13
       Summon Ice Beast  |       |       |       |     8 |     9 |       ||    17
       Shock             |       |       |       |     8 |       |       ||     8
       Hailstorm         |       |       |       |    19 |    74 |     3 ||    96
       Freezing Cloud    |       |       |       |       |     9 |     6 ||    15
       Ozocubu's Refrige |       |       |       |       |       |    10 ||    10
Evoke: Wand              |       |     4 |     2 |     2 |    21 |       ||    29
       Phial of floods   |       |       |       |       |     1 |       ||     1
  Use: Scroll            |       |       |     2 |    10 |    13 |     4 ||    29
       Potion            |       |       |       |     6 |     5 |     3 ||    14
 Stab: Sleeping          |     1 |     2 |       |       |     2 |       ||     5
       Distracted        |       |       |       |     1 |       |       ||     1
  Eat: Chunk             |     8 |     4 |    34 |   102 |   130 |    10 ||   288
       Ration            |       |       |       |       |     1 |     3 ||     4
Armor: Robe              |    17 |     1 |       |       |       |       ||    18
       Leather armour    |       |     8 |    32 |    95 |   175 |    59 ||   369
Dodge: Dodged            |    60 |    47 |   156 |   226 |   315 |    54 ||   858
Block: Buckler           |       |       |     8 |    75 |   110 |    16 ||   209
       Rpst.: Double sword |       |       |       |    56 |    79 |    13 ||   148

Table legend:
 A = Non-vault XP
 B = Vault XP
 C = Vault XP percentage of total XP
 D = Non-vault monster count
 E = Vault monster count
 F = Vault count percentage of total count
                 A         B        C        D         E       F
            +---------+---------+-------+---------+---------+-------
      Total |   87776 |   60132 |  40.7 |     526 |     255 |  32.7
            +---------+---------+-------+---------+---------+-------
        D:1 |      53 |       4 |   7.0 |      26 |       2 |   7.1
        D:2 |      43 |     255 |  85.6 |      10 |      12 |  54.5
        D:3 |      43 |       0 |   0.0 |      22 |       0 |   0.0
        D:4 |     117 |      36 |  23.5 |       9 |       1 |  10.0
        D:5 |     132 |       0 |   0.0 |       8 |       0 |   0.0
        D:6 |     417 |     215 |  34.0 |      18 |       6 |  25.0
        D:7 |    1386 |     227 |  14.1 |      35 |       4 |  10.3
        D:8 |    1819 |    1132 |  38.4 |      15 |       4 |  21.1
        D:9 |    2287 |     634 |  21.7 |      22 |       6 |  21.4
       D:10 |    3725 |       0 |   0.0 |      18 |       0 |   0.0
       D:11 |    4223 |    1489 |  26.1 |      49 |      20 |  29.0
       D:12 |    8142 |    2197 |  21.2 |      26 |       7 |  21.2
       D:13 |    7908 |   18768 |  70.4 |      36 |      40 |  52.6
       D:14 |    4638 |       0 |   0.0 |      25 |       0 |   0.0
       D:15 |    7329 |    3908 |  34.8 |      18 |       2 |  10.0
     Lair:1 |    4957 |    1729 |  25.9 |      32 |       4 |  11.1
     Lair:2 |    4789 |     163 |   3.3 |      14 |       1 |   6.7
     Lair:3 |    4201 |    2170 |  34.1 |      14 |      14 |  50.0
     Lair:4 |    6190 |    3096 |  33.3 |      16 |       9 |  36.0
     Lair:5 |    2732 |       0 |   0.0 |       9 |       0 |   0.0
     Lair:6 |   17740 |   11283 |  38.9 |      53 |      22 |  29.3
      Orc:1 |    1964 |    1455 |  42.6 |      20 |      20 |  50.0
      Orc:2 |    2941 |    6011 |  67.1 |      31 |      45 |  59.2
      Sewer |       0 |     616 | 100.0 |       0 |      28 | 100.0
   Gauntlet |       0 |    4744 | 100.0 |       0 |       8 | 100.0
            +---------+---------+-------+---------+---------+-------
